 Dungeon Crawl Stone Soup version 0.21-b1-21-g86478ac (webtiles) character file.

189 pomescollege the Poker (level 5, 0/38 HPs)
             Began as a Merfolk Skald on Jan 4, 2018.
             Was an Initiate of Wu Jian.
             Succumbed to an adder's poison
             ... on level 3 of the Dungeon.
             The game lasted 00:08:04 (2474 turns).

pomescollege the Poker (Merfolk Skald)              Turns: 2474, Time: 00:08:05

Health: 0/38       AC:  3    Str: 12    XL:     5   Next: 68%
Magic:  7/8        EV: 12    Int: 13    God:    Wu Jian [......]
Gold:   90         SH:  0    Dex: 13    Spells: 2/8 levels left

rFire    . . .     SeeInvis .   f - +0 trident
rCold    . . .     Gourm    .   (no shield)
rNeg     . . .     Faith    .   b - +0 leather armour
rPois    .         Spirit   .   (no helmet)
rElec    .         Reflect  .   (no cloak)
rCorr    .         Harm     .   (no gloves)
MR       .....                  (no boots)
Stlth    +.........             (no amulet)
HPRegen  0.12/turn              (no ring)
MPRegen  0.11/turn              (no ring)

@: lethally poisoned (0 -> -3)
A: change form in water, swift swim, stealthy swim
a: Renounce Religion


You were on level 3 of the Dungeon.
You worshipped Wu Jian.
Wu Jian was noncommittal.
You were not hungry.

You visited 1 branch of the dungeon, and saw 3 of its levels.

You collected 90 gold pieces.

Inventory:

Hand Weapons
 f - a +0 trident (weapon)
Armour
 b - a +0 leather armour (worn)
 g - a +0 buckler
 h - a cursed +0 shield
 k - a +0 ring mail
Wands
 l - a wand of disintegration (8)
Scrolls
 a - 2 scrolls of identify
 e - a scroll of teleportation
 n - 2 scrolls of amnesia {unknown}
Potions
 j - a potion of cancellation
Books
 c - a book of Battle

   Spells                             Type                      Level
   a - Infusion                       Charms                       1
   b - Shroud of Golubria             Charms/Translocation         2
   c - Song of Slaying                Charms                       2
   d - Spectral Weapon                Hexes/Charms                 3
   e - Regeneration                   Charms/Necromancy            3
Comestibles
 d - 4 rations
 i - 2 chunks of flesh


   Skills:
 - Level 2.2 Fighting
 * Level 6.8 Polearms
 - Level 0.6 Armour
 - Level 2.7 Dodging
 - Level 2.1 Spellcasting
 + Level 4.7 Charms


You had 2 spell levels left.
You knew the following spells:

 Your Spells              Type           Power        Failure   Level  Hunger
a - Infusion              Chrm           ##..         4%          1    ##.....
b - Song of Slaying       Chrm           ##......     7%          2    ###....
c - Spectral Weapon       Hex/Chrm       #.......     34%         3    ####...


Dungeon Overview and Level Annotations

Branches:
Dungeon (3/15)

Altars:
Cheibriados
Hepliaklqana
Vehumet
Wu Jian
The Shining One


Message History

You feel sick.
* * * LOW HITPOINT WARNING * * *
You feel sick.
You are no longer magically infusing your attacks.
You see here a ball python corpse.
* * * LOW HITPOINT WARNING * * *
You feel sick.
A kobold comes into view. It is wielding a whip.
The kobold shouts!
The kobold throws a stone.
The stone misses you.
Things that are here:
a stone; a club Evoke which item? (* to show all) (? for menu, Esc to quit)
Aiming: Disintegrate
Press: ? - help, Shift-Dir - straight line, f - kobold
Aim: a kobold, wielding a whip (chance to defeat MR: 80%)
The kobold is blasted.
You blow up the kobold!
The Council accepts your kill.
You die...

########
.......#################
..............†.@......#
.......##########.......
.......# .#.....
.......# .. ....
.......# ..# ...
######## ... .. ...# #
#..) ######


There were no monsters in sight!

Vanquished Creatures
  The ghost of pomescollege the Poker, an amateur MfSk (D:3)
  2 adders (D:3)
  A dart slug (D:1)
  A leopard gecko (D:3)
  An orc (D:3)
  2 ball pythons
  4 giant cockroaches
  8 hobgoblins
  A quokka (D:2)
  7 bats
  3 frilled lizards
  2 goblins
  6 kobolds
  3 rats
42 creatures vanquished.

Notes
Turn   | Place    | Note
-------+----------+-------------------------------------------
     0 | D:1      | pomescollege the Merfolk Skald began the quest for the Orb.
     0 | D:1      | Reached XP level 1. HP: 16/16 MP: 3/3
   241 | D:1      | Reached XP level 2. HP: 6/22 MP: 1/5
   489 | D:1      | Learned a level 2 spell: Song of Slaying
  1195 | D:2      | Reached skill level 4 in Polearms
  1248 | D:2      | Reached XP level 3. HP: 22/27 MP: 1/6
  1253 | D:2      | Learned a level 3 spell: Spectral Weapon
  1388 | D:2      | Found an ornate altar of the Wu Jian Council.
  1403 | D:2      | Found a hazy altar of Hepliaklqana.
  1415 | D:2      | Became a worshipper of the Wu Jian Council
  1417 | D:2      | Found a snail-covered altar of Cheibriados.
  1418 | D:2      | Found a radiant altar of Vehumet.
  1423 | D:2      | Found a glowing golden altar of the Shining One.
  2026 | D:3      | Noticed pomescollege's ghost (amateur MfSk)
  2038 | D:3      | HP: 1/27 [pomescollege's ghost (5)]
  2044 | D:3      | Killed pomescollege's ghost
  2044 | D:3      | Reached skill level 6 in Polearms
  2044 | D:3      | Reached XP level 4. HP: 7/33 MP: 2/7
  2044 | D:3      | Reached XP level 5. HP: 8/38 MP: 2/8
  2469 | D:3      | HP: 1/38 [poisoned by an adder]
  2474 | D:3      | Succumbed to an adder's poison

Skill      XL: |  1  2  3 |
---------------+----------+-----
Polearms       | 4 6 |  6.8
Charms         | 4 |  4.7
Fighting       | |  2.2
Armour         | |  0.6
Dodging        | |  2.7
Spellcasting   | |  2.1

Action                   |  1- 3 |  4- 6 || total
-------------------------+-------+-------++-------
Melee: Spear             |   127 |       ||   127
       Trident           |    15 |    22 ||    37
 Cast: Infusion          |    17 |     2 ||    19
       Spectral Weapon   |     1 |       ||     1
Invok: Lunge             |     4 |       ||     4
Evoke: Wand              |       |     2 ||     2
  Use: Scroll            |     5 |       ||     5
       Potion            |     2 |       ||     2
  Eat: Chunk             |     3 |       ||     3
       Ration            |       |     1 ||     1
Armor: Leather armour    |    26 |     1 ||    27
Dodge: Dodged            |    63 |    14 ||    77
